 Dungeon Crawl Stone Soup version 0.24-a0-278-gefa1973 (webtiles) character file.

Game seed: 1714164114632323984

203 CanOfBees the Gusty (level 5, -1/31 HPs)
             Began as a Tengu Air Elementalist on Apr 30, 2019.
             Slain by Grinder (6 damage)
             ... on level 3 of the Dungeon on May 1, 2019.
             The game lasted 00:06:15 (4853 turns).

CanOfBees the Gusty (Tengu Air Elementalist)        Turns: 4853, Time: 00:06:16

Health: -1/31      AC:  3    Str:  8    XL:     5   Next: 81%
Magic:  10/10      EV: 15    Int: 17    God:
Gold:   112        SH:  0    Dex: 14    Spells: 4/10 levels left

rFire    . . .     SeeInvis .   v - +1 dagger (venom)
rCold    . . .     Gourm    .   (no shield)
rNeg     . . .     Faith    .   a - +0 robe
rPois    .         Spirit   .   (helmet restricted)
rElec    .         Reflect  .   (no cloak)
rCorr    .         Harm     .   r - +0 pair of gloves
MR       .....                  (boots unavailable)
Stlth    ++........             (no amulet)
HPRegen  0.10/turn              (no ring)
MPRegen  0.12/turn              (no ring)

@: flying quickly and evasively, quick
A: beak, talons 3, able to fly
a: Stop Flying


You were on level 3 of the Dungeon.
You were not hungry.

You visited 1 branch of the dungeon, and saw 3 of its levels.

You collected 112 gold pieces.

Inventory:

Hand Weapons
 b - a +0 short sword
 d - a +2 dagger of speed
 s - a +2 dagger of pain
 v - a +1 dagger of venom (weapon)
Armour
 a - a +0 robe (worn)
 r - a +0 pair of gloves (worn)
Jewellery
 g - an uncursed ring of ice
Wands
 o - a wand of random effects (4)
Scrolls
 e - 3 scrolls of teleportation
 f - a scroll of enchant weapon {unknown}
 h - 2 scrolls of amnesia
 i - a scroll of fog {unknown}
 n - a scroll of remove curse
 q - a scroll of noise {unknown}
 w - a scroll of magic mapping {unknown}
Potions
 k - a potion of degeneration {unknown}
 l - a potion of lignification {unknown}
 m - a potion of might {unknown}
 t - a potion of resistance {unknown}
 u - a potion of brilliance {unknown}
Comestibles
 c - 3 rations


   Skills:
 + Level 2.4 Fighting
 - Level 2.1 Dodging
 - Level 2.0 Stealth
 + Level 3.1 Spellcasting
 + Level 3.7 Conjurations
 + Level 5.4 Air Magic


You had 4 spell levels left.
You knew the following spells:

 Your Spells              Type           Power        Failure   Level  Hunger
a - Shock                 Conj/Air       ###.         2%          1    None
b - Swiftness             Chrm/Air       ##......     9%          2    ##.....
c - Static Discharge      Conj/Air       ###.....     8%          3    ###....

Your spell library contained the following spells:

 Spells                   Type           Power        Failure   Level  Hunger
 Airstrike                Air            ###.......   19%         4    ####...
 Lightning Bolt           Conj/Air       ###.......   58%         5    ######.


Dungeon Overview and Level Annotations

Branches:
Dungeon (3/15)

Altars:
Yredelemnul

Annotations:
D:3 Grinder


Innate Abilities, Weirdness & Mutations

You have a beak for a mouth.
You have claws for feet.
You can fly continuously.


Message History

You see here a scale mail.
Grinder comes into view.
Grinder shouts!
Grinder gestures at you. Pain shoots through your body!
Grinder completely misses you.
You hit Grinder.
Grinder is lightly wounded.
Grinder gestures at you. Pain shoots through your body!
* * * LOW HITPOINT WARNING * * *
You hit Grinder. You peck Grinder.
Grinder is moderately wounded.
Grinder hits you but does no damage.
You hit Grinder.
Grinder is poisoned.
You claw Grinder, but do no damage.
Grinder is moderately wounded.
Grinder hits you.
* * * LOW HITPOINT WARNING * * *
You writhe in agony.
You die...

##################
.................#
.###############.#
.# #.# .# #.# ##
#.# #@# #5# ..#
##.# ###


You could see Grinder.

Vanquished Creatures
  A sky beast (D:3)
  Terence (D:2)
  2 adders
  An ooze (D:2)
  A worm (D:2)
  2 dart slugs
  4 leopard geckos
  A ball python (D:1)
  5 giant cockroaches
  4 goblins
  7 hobgoblins
  4 jackals (D:1)
  5 kobolds
  A quokka (D:3)
  3 bats
  7 frilled lizards
  6 rats
55 creatures vanquished.

Notes
Turn   | Place    | Note
-------+----------+-------------------------------------------
     0 | D:1      | CanOfBees the Tengu Air Elementalist began the quest for
                  | the Orb.
     0 | D:1      | Reached XP level 1. HP: 10/10 MP: 4/4
   587 | D:1      | Reached XP level 2. HP: 12/16 MP: 6/6
  1464 | D:1      | Reached skill level 1 in Fighting
  2114 | D:1      | Reached XP level 3. HP: 13/20 MP: 4/7
  2657 | D:2      | Learned a level 2 spell: Swiftness
  2661 | D:2      | Learned a level 3 spell: Static Discharge
  3258 | D:2      | Reached XP level 4. HP: 20/25 MP: 8/8
  3578 | D:2      | Noticed Terence
  3600 | D:2      | Killed Terence
  4197 | D:3      | Reached skill level 5 in Air Magic
  4361 | D:3      | Found a basalt altar of Yredelemnul.
  4408 | D:3      | Noticed a sky beast
  4429 | D:3      | Killed a sky beast
  4429 | D:3      | Gained mutation: You can fly continuously. [Tengu growth]
  4429 | D:3      | Reached XP level 5. HP: 23/31 MP: 10/10
  4845 | D:3      | Noticed Grinder
  4853 | D:3      | Slain by Grinder

Levels and vault maps discovered:
D:1:      dpeg_chamrin_arrival_tetris, layout_loops_corners
D:2:      layout_rooms, uniq_terence
D:3:      layout_basic, yredelemnul_altar_generic,
          nicolae_dithmenos_through_a_glass_darkly, uniq_grinder

Skill      XL: |  1  2  3  4 |
---------------+-------------+-----
Conjurations   | 2 3 |  3.7
Fighting       | 1 2 |  2.4
Air Magic      | 5 |  5.4
Spellcasting   | 3 |  3.1
Dodging        | |  2.1
Stealth        | |  2.0

Action                   |  1- 3 |  4- 6 || total
-------------------------+-------+-------++-------
Melee: Short sword       |    36 |     8 ||    44
       Kick              |     6 |     4 ||    10
       Peck              |     5 |     1 ||     6
       Dagger            |       |     9 ||     9
 Cast: Shock             |    64 |    33 ||    97
 Abil: Fly               |       |     1 ||     1
  Use: Scroll            |     1 |     4 ||     5
 Stab: Sleeping          |     1 |     1 ||     2
  Eat: Chunk             |     7 |     6 ||    13
Armor: Robe              |     7 |     9 ||    16
Dodge: Dodged            |    32 |    13 ||    45

Table legend:
 A = Non-vault XP
 B = Vault XP
 C = Vault XP percentage of total XP
 D = Non-vault monster count
 E = Vault monster count
 F = Vault count percentage of total count
                 A         B        C        D         E       F
            +---------+---------+-------+---------+---------+-------
      Total |     259 |      32 |  11.0 |      54 |       1 |   1.8
            +---------+---------+-------+---------+---------+-------
        D:1 |      35 |       0 |   0.0 |      21 |       0 |   0.0
        D:2 |      57 |      32 |  36.0 |      19 |       1 |   5.0
        D:3 |     167 |       0 |   0.0 |      14 |       0 |   0.0
            +---------+---------+-------+---------+---------+-------
